 Dungeon Crawl Stone Soup version 0.30-a0-779-g7971cf19c3 (webtiles) character file.

Game seed: 13297531500592237255

95 dolemite99 the Magician (level 4, -9/34 HPs)
             Began as a Djinni Fire Elementalist on Feb 18, 2023.
             Was an Initiate of Ru.
             Killed from afar by a white imp (12 damage)
             ... with a puff of frost
             ... summoned by Natasha
             ... on level 2 of the Dungeon.
             The game lasted 00:03:11 (1720 turns).

dolemite99 the Magician (Djinni Fire Elementalist)  Turns: 1720, Time: 00:03:11

Health: -9/34      AC:  2    Str:  7    XL:     4   Next: 95%
Gold:   73         EV: 12    Int: 18    God:    Ru [......] SH:  0 Dex: 14

rFire   + + .      SeeInvis +    m - +0 dagger (holy)
rCold   x . .      Faith    .    (no shield)
rNeg    . . .      Spirit   .    a - +0 robe
rPois   ∞          Reflect  .    (no helmet)
rElec   .          Harm     .    (no cloak)
rCorr   .          Rampage  .    (no gloves)
Will    .....                    (boots unavailable)
Stlth   ++                       (no amulet)
HPRegen 0.25/turn                e - ring of see invisible
MPRegen 0.00/turn                (no ring)

@: flying
A: sickness immunity, fire resistance 2, cold vulnerability 1, float, innate
caster, HP casting, extra vitality 1
a: Renounce Religion


You were on level 2 of the Dungeon.
You worshipped Ru.
Ru was noncommittal.
You visited 1 branch of the dungeon, and saw 2 of its levels.

You collected 73 gold pieces.

Inventory:

Hand Weapons
 f - a +0 short sword
 l - a +2 whip of draining
 m - a +0 dagger of holy wrath (weapon)
Armour
 a - a +0 robe (worn)
Magical Staves
 j - a staff of poison
Jewellery
 e - a ring of see invisible (left hand)
Scrolls
 b - 2 scrolls of teleportation {unknown}
 g - a scroll of blinking {unknown}
 h - a scroll of identify {unknown}
 k - 2 scrolls of magic mapping
 n - a scroll of enchant weapon {unknown}


   Skills:
 + Level 2.6 Fighting
 - Level 2.1 Dodging
 - Level 1.5 Stealth
 + Level 3.4 Spellcasting


You couldn't memorise any spells.
You knew the following spells:

 Your Spells              Type           Power      Damage    Failure   Level
a - Foxfire               Conj/Fire      60%        2x1d7     3%          1
b - Scorch                Fire           30%        2d6       6%          2
c - Kindle Blastsparks    Fire/Tloc/Air  30%        2d12      12%         3
d - Inner Flame           Hex/Fire       15%        N/A       12%         3
e - Flame Wave            Conj/Fire      15%        2d7       36%         4
f - Beastly Appendage     Tmut           30%        N/A       3%          1
Your spell library was empty.

Dungeon Overview and Level Annotations

Branches:
Dungeon (2/15)

Altars:
Ru

Annotations:
D:2 Natasha


Innate Abilities, Weirdness & Mutations

You are immune to sickness and miasma.
You are immune to poison.
Your flesh is very heat resistant. (rF++)
You are vulnerable to cold. (rC-)
You float through the air rather than walking.
You learn spells naturally, not from books.
Your magical power is your life essence.
You have superior vitality. (+4 MHP)


Message History

Natasha is nearby!
Natasha hisses angrily.
You see here a ball python corpse.
Casting: Foxfire (safe; 3% risk of failure)
Confirm with . or Enter, or press ? or * to list all spells.
You conjure some foxfire!
* * * LOW HITPOINT WARNING * * *
The foxfire hits Natasha but does no damage.
The foxfire hits Natasha!
Natasha is heavily wounded.
Casting: Foxfire (safe; 3% risk of failure)
Confirm with . or Enter, or press ? or * to list all spells.
You conjure some foxfire!
* * * LOW HITPOINT WARNING * * *
The foxfire hits Natasha.
Natasha is severely wounded.
The foxfire hits Natasha.
Natasha is almost dead.
Natasha misses you.
Casting: Foxfire (safe; 3% risk of failure)
Confirm with . or Enter, or press ? or * to list all spells.
You conjure some foxfire!
* * * LOW HITPOINT WARNING * * *
Natasha casts a spell.
The foxfire hits the crimson imp.
The crimson imp completely resists.
The foxfire hits Natasha but does no damage.
Natasha is almost dead.
Natasha mumbles some strange words.
Casting: Foxfire (safe; 3% risk of failure)
Confirm with . or Enter, or press ? or * to list all spells.
You conjure some foxfire!
* * * LOW HITPOINT WARNING * * *
Natasha claws you.
* * * LOW HITPOINT WARNING * * *
The foxfire hits the crimson imp.
The crimson imp completely resists.
The white imp misses you.
The foxfire hits the crimson imp.
The crimson imp completely resists.
Natasha casts a spell.
The white imp gestures at you. The puff of frost hits you!
You feel a terrible chill!
You die...

# #..*,* # #.#*,* #
#.#*,* ##########
#.#*,*#
.........######.#*,.##
..###...<.......###..#
#...................>#
#####..........§†....#
#####...........@5...#
................h55..#
#####................#
#..................#
###..................#
#....................#
.....#..#............#
.......####....####..#
.....### ####..###..#


You could see Natasha, a crimson imp (summoned), a white imp (summoned) and a
shadow imp (summoned).

Vanquished Creatures
  Natasha (twice) (D:2)
  A worm (D:2)
  2 dart slugs (D:1)
  A giant cockroach (D:2)
  4 goblins
  4 hobgoblins
  3 jackals (D:1)
  3 kobolds
  8 ball pythons
  4 bats (D:1)
  3 frilled lizards
  5 rats
40 creatures vanquished.

Vanquished Creatures (others)
  102 foxfires
102 creatures vanquished.

Grand Total: 142 creatures vanquished

Notes
Turn   | Place    | Note
-------+----------+-------------------------------------------
     0 | D:1      | dolemite99 the Djinni Fire Elementalist began the quest for
                  | the Orb.
     0 | D:1      | dolemite99 set off with the following spells memorised:
                  | Foxfire, Scorch, Kindle Blastsparks, Inner Flame, Flame
                  | Wave.
     0 | D:1      | Reached XP level 1. HP: 15/15 MP: 0/0
   214 | D:1      | Reached XP level 2. HP: 19/22 MP: 0/0
   299 | D:1      | Reached skill level 1 in Fighting
   555 | D:1      | Reached XP level 3. HP: 26/27 MP: 0/0
   555 | D:1      | Learned a level 1 spell: Beastly Appendage
   948 | D:1      | Reached skill level 3 in Spellcasting
  1091 | D:2      | Found a sacrificial altar of Ru.
  1130 | D:2      | Became a worshipper of Ru the Awakened
  1172 | D:2      | Noticed Natasha
  1187 | D:2      | Killed Natasha
  1188 | D:2      | Reached XP level 4. HP: 22/33 MP: 0/0
  1654 | D:2      | Noticed Natasha
  1676 | D:2      | Killed Natasha
  1711 | D:2      | Noticed Natasha
  1720 | D:2      | Killed from afar by a white imp

Illustrated notes

Levels and vault maps discovered:
D:1:      heliophobic_arrival_enchanted_forest, layout_basic, minmay_3d_cube
D:2:      layout_rooms, basic_altar, roderic_roman_lattice, uniq_natasha

Skill      XL: |  1  2  3 |
---------------+----------+-----
Fighting       | 1 2 |  2.6
Spellcasting   | 3 |  3.4
Dodging        | |  2.1
Stealth        | |  1.5

Action                     |  1- 3 |  4- 6 || total
---------------------------+-------+-------++-------
  Melee: Unarmed           |     1 |       ||     1
         Short sword       |     1 |       ||     1
   Cast: Foxfire           |    42 |    15 ||    57
         Scorch            |     5 |     4 ||     9
    Use: Scroll            |     1 |       ||     1
         Potion            |       |     4 ||     4
 Armour: Robe              |    11 |     4 ||    15
         Skin              |       |    14 ||    14
  Dodge: Dodged            |    43 |    11 ||    54

Table legend: (Time is in decaauts)
 A = Elapsed time spent in this place.
 B = Non-inter-level travel time spent in this place.
 C = Inter-level travel time spent in this place.
 D = Time resting spent in this place.
 E = Time spent auto-exploring this place.
 F = Levels seen in this place.
 G = Mean time per level.
                   A        B        C        D        E       F      G
               +--------+--------+--------+--------+--------+-----+--------+
         Total |   1723 |   1701 |     22 |    192 |   1079 |   2 |  861.5 |
       Dungeon |   1723 |   1701 |     22 |    192 |   1079 |   2 |  861.5 |
               +--------+--------+--------+--------+--------+-----+--------+

Top non-repeatable levels by time:
     D:1: 1017 daAuts
     D:2: 706 daAuts
